 Dungeon Crawl Stone Soup version 0.20.2-3-g29329e0561 (webtiles) character file.

226 Alfie the Skirmisher (level 6, 0/53 HPs)
             Began as a Hill Orc Fighter on Sept 7, 2022.
             Slain by an orc
             ... wielding a +0 trident
              (1 damage)
             ... on level 3 of the Dungeon.
             The game lasted 00:07:18 (1891 turns).

Alfie the Skirmisher (Hill Orc Fighter)             Turns: 1891, Time: 00:07:20

Health: 0/53       AC: 16    Str: 21    XL:     6   Next: 1%
Magic:  6/6        EV:  4    Int:  8    God:
Gold:   147        SH:  9    Dex: 10    Spells: 5/5 levels left

rFire    . . .     SeeInvis .   a - +0 rapier
rCold    . . .     Gourm    .   c - +0 shield
rNeg     . . .     Faith    .   m - +1 plate armour
rPois    .         Spirit   .   b - +2 helmet
rElec    .         Reflect  .   (no cloak)
rCorr    .         Harm     .   (no gloves)
MR       .....                  (no boots)
Stlth    ..........             (no amulet)
Regen    0.2/turn               (no ring)
MPRegen  0.1/turn               (no ring)

@: no status effects
A: no striking features
a: Convert to Beogh


You were on level 3 of the Dungeon.
You were not hungry.

You visited 1 branch of the dungeon, and saw 4 of its levels.

You collected 147 gold pieces.

Inventory:

Hand Weapons
 a - a +0 rapier (weapon)
Armour
 b - a +2 helmet (worn)
 c - a +0 shield (worn)
 m - a +1 plate armour (worn)
Jewellery
 n - an uncursed amulet of rage {unknown}
Scrolls
 h - 2 scrolls of fear
 k - a scroll of teleportation
 l - a scroll of fog
Potions
 d - 3 potions of might
 e - a potion of lignification {unknown}
 g - 3 potions of curing {unknown}
 i - a potion of cancellation {unknown}
Comestibles
 f - 2 bread rations
 j - 2 meat rations


   Skills:
 + Level 4.7 Fighting
 + Level 3.5 Short Blades
 + Level 4.1 Armour
 + Level 0.8 Dodging
 + Level 0.5 Stealth
 + Level 4.6 Shields


You had 5 spell levels left.
You didn't know any spells.

Dungeon Overview and Level Annotations

Branches:
Dungeon (4/15)
 Temple: D:4-7

Altars:

Annotations:
D:4 Dowan, Duvessa


Message History

You block the orc's attack.
You closely miss the orc priest. The orc priest barely misses you.
The orc hits you from afar with a trident.
Unknown command.
The orc priest shouts, "Beogh is our master!
Accept the truth or die!"
You hit the orc priest but do no damage.
The orc priest calls down the wrath of Beogh upon you.
Beogh smites you!
* * * LOW HITPOINT WARNING * * *
The orc wizard mumbles some strange words.
The orc wizard flickers and vanishes!
Deactivating autopickup; reactivate with Ctrl-A.
You block the orc's attack.
You hit the orc priest.
The orc priest is moderately wounded.
The orc priest calls down the wrath of Beogh upon you.
Beogh smites you!
* * * LOW HITPOINT WARNING * * *
The orc hits you from afar with a trident.
You die...

### #.. #.# # ##
#### #.# ###.# #.
..###.# ...
#.#####.#...##o##.#
#.......#...@o{...#
#. #........#######
#.##.#..#####
#........#
#..†.#.#.#
#....†.#.#
######..####.#
.....#..# .#
........# ..


You could see an orc priest and an orc.

Vanquished Creatures
  A hound (D:4)
  An iguana (D:4)
  A hound zombie (D:4)
  Robin (D:2)
  6 adders
  2 worms (D:2)
  4 dart slugs
  3 leopard geckos
  An orc (D:3)
  6 giant cockroaches
  7 goblins (D:2)
  11 hobgoblins
  4 jackals (D:3)
  A quokka (D:3)
  A ball python skeleton (D:4)
  12 bats
  2 frilled lizards (D:2)
  8 kobolds
  4 rats
76 creatures vanquished.

Notes
Turn   | Place    | Note
-------+----------+-------------------------------------------
     0 | D:1      | Alfie the Hill Orc Fighter began the quest for the Orb.
     0 | D:1      | Reached XP level 1. HP: 19/19 MP: 1/1
   145 | D:1      | Reached XP level 2. HP: 20/27 MP: 2/2
   616 | D:2      | Reached XP level 3. HP: 33/33 MP: 3/3
   875 | D:2      | Noticed Robin
   897 | D:2      | Killed Robin
   897 | D:2      | Reached XP level 4. HP: 40/40 MP: 4/4
  1446 | D:3      | You fall through a shaft!
  1461 | D:4      | Noticed Dowan
  1464 | D:4      | Noticed Duvessa
  1484 | D:4      | Reached XP level 5. HP: 32/47 MP: 5/5
  1849 | D:3      | Reached XP level 6. HP: 53/53 MP: 6/6
  1891 | D:3      | HP: 1/53 [orc priest/divine providence (8)]
  1891 | D:3      | Slain by an orc

Skill      XL: |  1  2  3  4  5 |
---------------+----------------+-----
Fighting       | 4 |  4.7
Shields        | 4 |  4.6
Short Blades   | 3 |  3.5
Armour         | 4 |  4.1
Dodging        | |  0.8
Stealth        | |  0.5

Action                   |  1- 3 |  4- 6 || total
-------------------------+-------+-------++-------
Melee: Rapier            |   133 |   189 ||   322
  Use: Scroll            |     3 |     4 ||     7
  Eat: Royal jelly       |       |     1 ||     1
       Meat ration       |       |     1 ||     1
Armor: Scale mail        |    78 |       ||    78
       Plate armour      |    18 |   132 ||   150
Dodge: Dodged            |    34 |    38 ||    72
Block: Shield            |    81 |    93 ||   174
